 BcadrenCrawl: Boulder Brew version 0.06-688-g08e91b2d95 (webtiles) character file.

Game seed: 4992070130750816117

54 pipel the Caller (level 3, -2/40 HPs) Lignifite Summoner. Began on Jan 27, 2023. Slain by a nameless horror (9 damage) ... created by miscasting Call Canine Familiar ... on level 1 of the Dungeon. The game lasted 00:04:41 (992 turns).

pipel the Caller (Lignifite Summoner)                Turns: 992, Time: 00:04:43

Health: -2/40      AC:  1    Str: 13    XL:     3 ^: 19
Magic:  1/8        EV: 17    Int: 17    God:
Gold:   16         SH:  2    Dex: 13    Spells: 3/7 levels left

rFire    x . .     Slash    .     - Unarmed
rCold    . . .     Pierce   +     - Unarmed
rNeg     . . .     Bludgeon .   a - +0 robe
rCorr    . . .     Vision   .   (helmet restricted)
rPois    +         Gourm    .   (no cloak)
rElec    .         Faith    .   (gloves unavailable)
MR       .....     Spirit   .   (boots unavailable)
HPRegen  0.23/turn Reflect  .   (no amulet)
MPRegen  0.18/turn Harm     .   i - ring of dexterity
Stlth    ++........             (no ring)

@: studying Invocations, very quick
A: very small, unfitting armour, branches (SH +, deformed body 1, speed 3,
poison resistance, slow metabolism 1, torment resistance, plant, woody flesh
(rF-) 1, rot immunity, barkskin
a: no special abilities


You were on level 1 of the Dungeon.
You were not hungry.

You visited 1 branch of the dungeon, and saw 1 of its levels.

You collected 16 gold pieces.

Inventory:

Shields
 j - a +0 buckler
Armour
 a - a +0 robe (worn)
Jewellery
 e - a cursed ring of positive energy {(Curse: rC-)}
 f - a cursed amulet of harm {(Curse: rF-)}
 g - an uncursed ring of fire
 i - a ring of dexterity (left hand)
Scrolls
 d - a scroll of blinking
 h - a scroll of teleportation
 k - a scroll of holy word
 l - a scroll of bless item
Comestibles
 b - 16 chunks of flesh
 c - 3 rations


   Skills:
 + Level 0.1 Fighting
 + Level 1.8 Dodging
 - Level 1.7 Stealth
 + Level 1.3 Unarmed Combat
 + Level 2.7 Spellcasting
 + Level 4.8 Summonings


You had 3 spell levels left.
You knew the following spells:

 Your Spells              Type           Power        Failure   Level  Hunger
a - Summon Small Mammal Summ 18 (25) 2% 1 0-14 b - Call Canine Familiar Summ           18 (100)     8%          3    74-134

Your spell library contained the following spells:

 Spells                   Type           Power        Failure   Level  Hunger
 Call Imp Summ 18 (100) 3% 2 34-74 Summon Ice Beast Ice/Summ 10 (100) 54% 4 154-254 Summon Lightning Spire Summ/Air       10 (100)     88%         5    274-434


Dungeon Overview and Level Annotations

Branches:
Dungeon (1/8)

Altars:


Innate Abilities, Weirdness & Mutations

You are very small and have problems with some larger weapons.
You are too small for most types of armour.
A tangle of shorter branches protects your body from attack. (SH +2)
Armour fits poorly on your strangely shaped body.
You cover ground extremely quickly.
Your system is resistant to poisons. (rPois)
You have a slow metabolism.
You are immune to unholy pain and torment.
You require very little carbon dioxide to survive.
Your woody flesh burns easily. (rF-)
You are immune to rotting.
Your bark is difficult to pierce. (rPiercing+)


Message History

Your hound shudders.
You hit the nameless horror but do no damage. x2
The nameless horror is severely damaged. (13/38) HP Your hound bites the nameless horror but does no damage.
The goblin hits you (1).
* * * LOW HITPOINT WARNING * * *
You hit the nameless horror but do no damage. x2
The nameless horror is severely damaged. (13/38) HP Send 'em back where they came from!
Your hound disappears in a puff of smoke!
Casting: Summon Small Mammal (safe; 2% risk of failure)
Confirm with . or Enter, or press ? or * to list all spells.
You don't have enough magic to cast that spell.
You hit the nameless horror but do no damage. x2
The nameless horror is severely damaged. (13/38) HP The goblin barely misses you.
You hit the nameless horror but do no damage. x2
The nameless horror is severely damaged. (13/38) HP The nameless horror hits you (9)!
You die...

≈≈≈≈≈###.# #.#.##.#
≈≈≈≈####.###....#.#
≈≈≈.....g.........#
..#####.#######.#.###
..# #.# #.........# ..#
#.# #.........# ..## #.#
#....)....## ...#
##.###......†...# ...#
#....#...§g@....#
...###....#....§X...≈#
..........#...§.....≈≈#
..####....#........≈.≈≈#
### #....#.##.#...≈..≈#
#####..##≈..≈≈≈..≈≈#
###.>##.......≈# ..
#....≈..≈


You could see a nameless horror and a goblin.

Vanquished Creatures
  An ooze (D:1)
  A dart slug (D:1)
  4 goblins (D:1)
  A hobgoblin (D:1)
  A ball python (D:1)
  2 rats (D:1)
10 creatures vanquished.

Vanquished Creatures (collateral kills)
  4 cinder newts (D:1)
  An ooze (D:1)
  5 hobgoblins (D:1)
  2 bats (D:1)
  9 goblins (D:1)
  4 kobolds (D:1)
  2 rats (D:1)
27 creatures vanquished.

Grand Total: 37 creatures vanquished

Notes
Turn   | Place    | Note
-------+----------+-------------------------------------------
     0 | D:1      | pipel the Lignifite Summoner began the quest for the Orb.
     0 | D:1      | Reached XP level 1. HP: 24/24 MP: 4/4
   192 | D:1      | Reached XP level 2. HP: 15/32 MP: 3/6
   404 | D:1      | Reached skill level 1 in Unarmed Combat
   490 | D:1      | Reached XP level 3. HP: 13/40 MP: 1/7
   645 | D:1      | Learned a level 3 spell: Call Canine Familiar
   992 | D:1      | Slain by a nameless horror

Illustrated notes

Levels and vault maps discovered:
D:1:      nzn_arrival_water_spiral, layout_rooms, st_stairs_7,
          chequers_serial_rivers_small_b, cheibrodos_sewer_entry_bend

Skill      XL: |  1  2 |
---------------+-------+-----
Unarmed Combat | 1 |  1.3
Fighting       | |  0.1
Dodging        | |  1.8
Stealth        | |  1.7
Spellcasting   | |  2.7
Summonings     | |  4.8

Action                   || total
-------------------------++-------
Melee: Unarmed           ||   159
 Cast: Summon Small Mamm ||    35
       Call Canine Famil ||     5
 Stab: Distracted        ||     1
       Sleeping          ||     1
Armor: Robe              ||     6
Dodge: Dodged            ||    16
Block: Other             ||     1
